 Dungeon Crawl Stone Soup version 0.21-a0-143-g1ab7d47 (webtiles) character file.

125780 4thArraOfDagon the Bludgeoner (level 15, -12/132 HPs)
             Began as a Demigod Wizard on July 25, 2017.
             Killed from afar by a hellion (27 damage)
             ... with damnation
             ... on level 2 of the Abyss.
             The game lasted 01:31:48 (17897 turns).

4thArraOfDagon the Bludgeoner (Demigod Wizard)     Turns: 17897, Time: 01:31:48

Health: -12/132    AC: 26    Str: 18    XL:     15   Next: 95%
Magic:  26/26      EV: 12    Int: 30    God:
Gold:   422        SH:  0    Dex: 18    Spells: 15/24 levels left

rFire    . . .     SeeInvis +   B - +9 great mace (drain)
rCold    . . .     Gourm    .   (shield currently unavailable)
rNeg     . . .     Faith    .   n - +3 chain mail of the Greedy {-Cast rElec Slay+6 SInv}
rPois    .         Spirit   .   b - +0 helmet of the Lumpy Wonders {Str+3 Dex+2}
rElec    +         Reflect  .   q - +2 cloak
rCorr    +         Harm     .   R - +0 pair of gloves
MR       +....     Rnd*Rage +   e - +2 pair of boots Stlth ..........NoCast +
                                y - amulet of regeneration
HPRegen  0.72/turn              A - ring of resist corrosion
MPRegen  0.20/turn              U - +3 ring of strength

@: no status effects
A: talons 1, iridescent scales 1, thin skeletal structure 1, berserk 1, high mp
1
a: no special abilities


You were on level 2 of the Abyss.
You were not hungry.

You visited 4 branches of the dungeon, and saw 25 of its levels.
You visited the Abyss 2 times.
You also visited: Bailey.

You collected 2562 gold pieces.
You spent 2140 gold pieces at shops.

Inventory:

Hand Weapons
 B - a +9 great mace of draining (weapon)
 D - the +1 war axe of Zaqausex {flame, Str+5}
   (You bought it in a shop on level 1 of the Elven Halls)

   It has been specially enchanted to burn those struck by it, causing extra
   injury to most foes and up to half again as much damage against particularly
   susceptible opponents.
   Big, fiery blades are also staple armaments of hydra-hunters.
   It affects your strength (+5).
Armour
 b - the +0 helmet of the Lumpy Wonders (worn) {Str+3 Dex+2}
   (You bought it in a shop on level 2 of the Orcish Mines)

   It affects your strength (+3).
   It affects your dexterity (+2).
 e - a +2 pair of boots (worn)
 k - a +2 hat
 n - the +3 chain mail of the Greedy (worn) {-Cast rElec Slay+6 SInv}
   (You bought it in a shop on level 2 of the Orcish Mines)

   It affects your accuracy and damage with ranged weapons and melee attacks
   (+6).
   It insulates you from electricity.
   It lets you see invisible.
   It prevents spellcasting.
 q - a +2 cloak (worn)
 L - a +0 troll leather armour
 R - a +0 pair of gloves (worn)
Magical Staves
 j - an uncursed staff of wizardry {unknown}
 H - an uncursed staff of power {!a}
 J - an uncursed staff of energy {unknown}
Jewellery
 g - an uncursed ring of flight
 y - an amulet of regeneration (around neck)
 A - a ring of resist corrosion (left hand)
 C - an uncursed ring of protection from fire {unknown}
 U - a +3 ring of strength (right hand)
 W - an uncursed ring of protection from cold
Wands
 a - a wand of clouds (3/9)
 u - a wand of clouds (0/9)
 v - a wand of scattershot (3/9)
 I - a wand of lightning (10/15)
 Q - a wand of iceblast (6/15)
 S - a wand of paralysis (14/24)
 T - a wand of disintegration (8/24)
 V - a wand of paralysis (10/24)
Scrolls
 h - 5 scrolls of remove curse
 i - a scroll of enchant weapon
 o - a scroll of fog
 t - 2 scrolls of fear
 x - 4 scrolls of recharging
 E - a scroll of amnesia
 F - a scroll of blinking
 X - 2 scrolls of immolation
 Y - 3 scrolls of random uselessness {unknown}
 Z - 3 scrolls of magic mapping
Potions
 c - a potion of invisibility
 f - a potion of magic
 l - 4 potions of brilliance
 m - a potion of curing
 p - 2 potions of lignification
 r - a potion of degeneration {unknown}
 s - 3 potions of heal wounds
 z - 2 potions of ambrosia
 G - a potion of cancellation
 K - 7 potions of haste
 M - a potion of mutation
 N - a potion of resistance
 O - a potion of agility
 P - 2 potions of flight
Comestibles
 d - 7 bread rations
 w - 8 meat rations


   Skills:
 - Level 12.0 Fighting
 * Level 18.8 Maces & Flails
 + Level 9.9 Armour
 - Level 8.2 Dodging
 - Level 1.7 Stealth
 - Level 5.1 Spellcasting
 - Level 4.6 Conjurations
   Level 0.8 Summonings
 - Level 0.8 Translocations
 - Level 4.3 Evocations


You had 15 spell levels left.
You knew the following spells:

 Your Spells              Type           Power        Failure   Level  Hunger
a - Magic Dart            Conj           ####         8%          1    None
b - Mephitic Cloud        Conj/Pois/Air  ###.....     61%         3    None
c - Conjure Flame         Conj/Fire      ###.....     50%         3    None
d - Blink                 Tloc           N/A          47%         2    None


Dungeon Overview and Level Annotations

Branches:
Dungeon (15/15)              Lair (6/6) D:10          Snake (0/4) Lair:2
    Orc (2/2) D:11            Elf (2/3) Orc:2
 Temple: D:4-7        Swamp: Lair:2-4    Shoals: Lair:2-4     Slime: Lair:5-6
 Vaults: D:13-14     Depths: D:15

Shops:
D:11 [   D:13 *   Orc:2 ([*=   Elf:1 *

Annotations:
D:2 Natasha
D:7 Menkaure
Orc:1 Erica


Innate Abilities, Weirdness & Mutations

You have an increased reservoir of magic. (+10% MP)
You have sharp toenails.
You are partially covered in iridescent scales. (AC +2)
You have a somewhat thin skeletal structure. (Dex +2, Stealth)
You tend to lose your temper in combat.


Message History

The small abomination completely misses you.
Unknown command.
You sock the shadow demon!
You kill the shadow demon!
The small abomination dissolves into shadows!
Unknown command.
The hellion gestures at you.
The sphere of damnation explodes!
The damnation engulfs you!
The damnation engulfs the hellion.
The hellion completely resists.
The hellion gestures at you.
The sphere of damnation explodes!
The damnation engulfs you!
* * * LOW HITPOINT WARNING * * *
The damnation engulfs the hellion.
The hellion completely resists.
You see here a shapeshifter corpse.
Unknown command.
Unknown command.
You closely miss the hellion. The hellion gestures at you.
The sphere of damnation explodes!
The damnation engulfs you!
You die...

..##. . # # .
.x.... ## # . .
..2.... .##.##
.. x.. .###...
.# ... ..
.....# ...$. ..
.##2# ## . ....
. ..#@.####...
. ..
#....#.....# ..
..##....##...##
. ..........#
.##..#. ..
...... ##.#
#... .
(........#.. ..
......(.. ####
# .. ......# #.
. .... ...#


You could see a hellion.

Vanquished Creatures
  2 tentacled starspawn (Abyss:4)
  Agnes (D:14)
  2 orc warlords
  Aizul (Elf:1)
  2 entropy weavers (Lair:5)
  A wizard (Abyss:4)
  A deep elf demonologist (Elf:1)
  A lorocyproca (Abyss:3)
  A deep elf annihilator (Elf:1)
  2 deep elf death magi (Elf:1)
  Snorg (D:10)
  A fire dragon (Lair:6)
  Josephine (Orc:2)
  Erolcha (D:10)
  Harold (Lair:3)
  6 hydras
  2 centaur warriors
  2 two-headed ogres
  6 dancing weapons
  A queen ant (Lair:5)
  4 orc high priests
  A thrashing horror (Abyss:3)
  11 deep elf knights (Elf:1)
  Sonja (Orc:1)
  A sixfirhy (Abyss:3)
  3 skeletal warriors (D:14)
  An unseen horror (D:11)
  8 orc knights
  6 deep elf archers (Elf:1)
  3 lindwurms (Lair:6)
  A shadow demon (Abyss:2)
  An orb spider (shapeshifter) (D:14)
  4 orc sorcerers (Orc:2)
  2 wolf spiders (Lair:6)
  2 ugly things (D:11)
  47 deep elf magi
  6 elephants (Lair:4)
  2 cyclopes
  8 black mambas (Lair:6)
  A smoke demon (Abyss:4)
  An apocalypse crab (Abyss:4)
  A guardian serpent (Lair:6)
  Psyche (D:9)
  5 torpor snails (Lair:6)
  11 spiny frogs
  A freezing wraith (Abyss:4)
  2 rime drakes
  7 komodo dragons
  3 ancient zymes (Abyss:4)
  2 large abominations (Abyss:3)
  4 trolls
  A silent spectre (Abyss:3)
  3 tyrant leeches (Lair:6)
  6 slime creatures (D:14)
  12 hornets
  3 hippogriffs
  A raiju (Abyss:3)
  16 blink frogs
  A spriggan (Lair:1)
  3 wraiths (Orc:2)
  2 redbacks (Lair:6)
  6 air elementals (Elf:1)
  2 shadows
  30 yaks
  3 fire elementals (Elf:1)
  A chaos spawn (Abyss:3)
  11 wyverns
  4 basilisks
  23 soldier ants (Lair:5)
  A warg (Orc:2)
  21 water moccasins
  6 porcupines
  5 sky beasts
  4 hell hounds (Abyss:4)
  An ice beast (D:11)
  47 orc warriors
  An eye of draining (D:12)
  5 ogres
  35 wolves
  3 centaurs
  10 crocodiles
  6 small abominations
  3 big kobolds
  Blork the orc (D:4)
  17 bullfrogs
  A wyvern zombie (D:9)
  An earth elemental (Elf:1)
  4 scorpions
  6 killer bees (D:11)
  3 wights (D:10)
  4 howler monkeys
  A bullfrog zombie (D:13)
  4 crimson imps
  3 centaur zombies
  A quasit (D:12)
  3 hounds
  29 orc wizards
  23 orc priests
  2 iguanas
  4 centaur skeletons
  4 hell rats (Lair:6)
  19 worker ants
  Robin (D:2)
  11 gnolls (Bailey)
  4 adders
  A shadow imp (D:13)
  An ufetubus (Abyss:3)
  2 oozes
  2 worms
  2 dart slugs
  5 leopard geckos
  88 orcs
  4 ball pythons
  7 giant cockroaches
  35 goblins
  26 hobgoblins
  A quokka (D:3)
  5 bats
  3 frilled lizards
  22 kobolds
  6 rats
  A fungus (Lair:2)
  3 plants
823 creatures vanquished.

Vanquished Creatures (others)
  An air elemental (Elf:1)
  A golden eye (shapeshifter) (Abyss:2)
  A floating eye (Elf:1)
  A worm (D:2)
  An orc (Orc:2)
  A hobgoblin (D:2)
  7 fungi
  13 plants
  6 starspawn tentacles (Abyss:4)
32 creatures vanquished.

Grand Total: 855 creatures vanquished

Notes
Turn   | Place    | Note
-------+----------+-------------------------------------------
     0 | D:1      | 4thArraOfDagon the Demigod Wizard began the quest for the Orb.
     0 | D:1      | Reached XP level 1. HP: 14/14 MP: 6/6
     6 | D:1      | Reached skill level 1 in Conjurations
   127 | D:2      | Found a stormy altar of Qazlal.
   250 | D:2      | Noticed Robin
   265 | D:2      | Reached XP level 2. HP: 20/20 MP: 6/8
   398 | D:1      | Reached XP level 3. HP: 21/26 MP: 5/10
   403 | D:1      | Learned a level 3 spell: Mephitic Cloud
   547 | D:2      | Found a burning altar of Makhleb.
   613 | D:1      | Learned a level 3 spell: Conjure Flame
   737 | D:1      | You fall through a shaft!
   831 | D:2      | Killed Robin
  1073 | D:3      | Reached XP level 4. HP: 33/33 MP: 6/11
  1243 | D:2      | Noticed Natasha
  1436 | D:3      | Reached XP level 5. HP: 36/38 MP: 6/12
  1453 | D:3      | Learned a level 2 spell: Blink
  1580 | D:4      | Reached skill level 1 in Fighting
  1739 | D:4      | Noticed Blork the orc
  1761 | D:4      | Killed Blork the orc
  1761 | D:4      | Reached XP level 6. HP: 40/48 MP: 5/13
  1879 | D:4      | Found a hide-covered altar of Uskayaw.
  1921 | D:5      | Entered Level 5 of the Dungeon
  2220 | D:6      | Found a basalt altar of Yredelemnul.
  2220 | D:6      | Found an opulent altar of Gozag.
  2338 | D:7      | Got a faintly humming chain mail
  2359 | D:6      | Reached XP level 7. HP: 57/57 MP: 7/14
  2445 | D:6      | Identified the +1 chain mail of the Cuttlefish {rF- Dex+6} (You found it on level 7 of the Dungeon)
  2579 | D:7      | Noticed Menkaure
  2587 | D:7      | Reached skill level 5 in Dodging
  2615 | D:7      | Noticed a hippogriff
  2701 | D:8      | Reached skill level 5 in Fighting
  2701 | D:8      | Reached XP level 8. HP: 51/68 MP: 12/15
  2965 | D:8      | Noticed a two-headed ogre
  2982 | D:8      | Killed a two-headed ogre
  3015 | D:8      | You fall through a shaft for 3 floors!
  3051 | D:11     | Found Ogipniga's Antique Armour Boutique.
  3064 | D:11     | Bought a polished scale mail for 261 gold pieces
  3078 | D:11     | Noticed a cyclops
  3106 | D:11     | Killed a cyclops
  3110 | D:11     | Reached XP level 9. HP: 55/79 MP: 4/16
  3119 | D:11     | Gained mutation: Scrolls take you a little longer to read. [mutagenic meat]
  3120 | D:11     | Gained mutation: Your spells are a little harder to cast, but a little more powerful. [mutagenic meat]
  3121 | D:11     | Gained mutation: Your muscles are strong. (Str +2) [mutagenic meat]
  3138 | D:11     | Found a flagged portal.
  3145 | Bailey   | Entered a bailey
  3273 | Bailey   | Identified the +3 scale mail of Protective Custody {rElec rPois Dex+6 Slay-5} (You bought it in a shop on level 11 of the Dungeon)
  3306 | Bailey   | Noticed an orc knight
  3327 | Bailey   | Killed an orc knight
  3327 | Bailey   | Reached skill level 3 in Maces & Flails
  3355 | Bailey   | Reached skill level 4 in Maces & Flails
  3467 | Bailey   | Noticed an orc warlord
  3513 | Bailey   | Killed an orc warlord
  3513 | Bailey   | Reached skill level 7 in Maces & Flails
  3524 | Bailey   | Reached XP level 10. HP: 31/86 MP: 4/17
  3614 | Bailey   | Noticed an orc knight
  3633 | Bailey   | Killed an orc knight
  3633 | Bailey   | Reached skill level 8 in Maces & Flails
  3684 | Bailey   | Noticed an orc knight
  3699 | Bailey   | Killed an orc knight
  3740 | Bailey   | Reached skill level 9 in Maces & Flails
  3954 | D:12     | Noticed a two-headed ogre
  3968 | D:12     | Killed a two-headed ogre
  4028 | D:12     | Reached skill level 10 in Maces & Flails
  4108 | D:13     | Noticed a manticore
  4108 | D:13     | Noticed a two-headed ogre
  4110 | D:13     | Paralysed by a hornet for 1 turns
  4115 | D:13     | Found Kiuroff's Pet Rocks.
  4318 | D:12     | Reached skill level 11 in Maces & Flails
  4425 | D:10     | Entered Level 10 of the Dungeon
  4532 | D:10     | Noticed Erolcha
  4601 | D:10     | Killed Erolcha
  4601 | D:10     | Reached XP level 11. HP: 84/92 MP: 12/19
  4724 | D:9      | Noticed Psyche
  4744 | D:9      | Killed Psyche
  4748 | D:9      | Found an ornate altar of the Wu Jian Council.
  4748 | D:9      | Found a glowing golden altar of the Shining One.
  4778 | D:9      | Gained mutation: You evolve. [mutagenic meat]
  4779 | D:9      | Lost mutation: Scrolls take you a little longer to read. [mutagenic meat]
  4781 | D:9      | Gained mutation: You are clumsy. (Dex -2) [mutagenic meat]
  4782 | D:9      | Lost mutation: Your spells are a little harder to cast, but a little more powerful. [mutagenic meat]
  4940 | D:11     | Bought a smoking scale mail for 261 gold pieces
  4950 | D:11     | Identified the +0 scale mail of the Beekeeper {+Blink MR- Regen+ Stlth+} (You bought it in a shop on level 11 of the Dungeon)
  5245 | D:10     | Found a staircase to the Lair.
  5277 | D:10     | Noticed Snorg
  5289 | D:10     | Killed Snorg
  5289 | D:10     | Reached skill level 12 in Maces & Flails
  6132 | D:14     | Noticed a centaur warrior
  6153 | D:14     | Killed a centaur warrior
  6153 | D:14     | Reached skill level 13 in Maces & Flails
  6262 | D:14     | Noticed Agnes
  6275 | D:14     | Killed Agnes
  6362 | D:14     | Noticed a skeletal warrior
  6386 | D:14     | Killed a skeletal warrior
  6465 | D:14     | Noticed a skeletal warrior
  6486 | D:14     | Killed a skeletal warrior
  6573 | D:14     | Noticed a skeletal warrior
  6594 | D:14     | Killed a skeletal warrior
  6594 | D:14     | Reached skill level 14 in Maces & Flails
  6628 | D:15     | Entered Level 15 of the Dungeon
  7012 | D:13     | Reached XP level 12. HP: 100/100 MP: 20/20
  7264 | D:15     | Identified a scroll of acquirement
  7266 | D:15     | :(
  7268 | D:15     | 4thArraOfDagon: ::(
  7297 | D:15     | Noticed a centaur warrior
  7358 | D:15     | Noticed a seven-headed hydra
  7363 | D:15     | Killed a seven-headed hydra
  7391 | D:15     | Killed a centaur warrior
  7421 | D:15     | Lost mutation: Your muscles are strong. (Str +2) [potion of mutation]
  7421 | D:15     | Lost mutation: You are clumsy. (Dex -2) [potion of mutation]
  7421 | D:15     | Gained mutation: Your muscles are strong. (Str +2) [potion of mutation]
  7421 | D:15     | Gained mutation: You have a pair of small horns on your head. [potion of mutation]
  7421 | D:15     | Gained mutation: You have sharp toenails. [potion of mutation]
  7468 | D:15     | Noticed an ice dragon
  7469 | D:15     | Noticed an ice dragon
  7894 | D:11     | Gained mutation: Your body sometimes deteriorates upon taking damage. [mutagenic meat]
  7896 | D:11     | Gained mutation: You are clumsy. (Dex -2) [mutagenic meat]
  7901 | D:11     | Lost mutation: You are clumsy. (Dex -2) [potion of mutation]
  7901 | D:11     | Lost mutation: Your body sometimes deteriorates upon taking damage. [potion of mutation]
  7901 | D:11     | Lost mutation: You evolve. [potion of mutation]
  7901 | D:11     | Lost mutation: You have a pair of small horns on your head. [potion of mutation]
  7901 | D:11     | Gained mutation: You tend to lose your temper in combat. [potion of mutation]
  7901 | D:11     | Gained mutation: You are dopey. (Int -2) [potion of mutation]
  7901 | D:11     | Gained mutation: You are partially covered in iridescent scales. (AC +2) [potion of mutation]
  7914 | D:11     | Found a roughly hewn altar of Beogh.
  7914 | D:11     | Found a staircase to the Orcish Mines.
  8068 | Orc:1    | Entered Level 1 of the Orcish Mines
  8239 | D:11     | Bought a dazzling ring mail for 261 gold pieces
  8249 | D:11     | Identified the +4 ring mail "Jeopupyx" {rF+ rN+ Dex-5} (You bought it in a shop on level 11 of the Dungeon)
  8479 | Orc:2    | Entered Level 2 of the Orcish Mines
  8514 | Orc:2    | Noticed Sonja
  8579 | Orc:1    | Reached skill level 10 in Fighting
  8736 | Orc:1    | Reached skill level 1 in Evocations
  8775 | Orc:1    | Killed Sonja
  9046 | Orc:2    | Noticed Josephine
  9100 | Orc:2    | Killed Josephine
  9367 | Orc:1    | Noticed Erica
  9428 | Orc:2    | Found a staircase to the Elven Halls.
  9771 | Orc:2    | Reached skill level 5 in Spellcasting
  9771 | Orc:2    | Reached XP level 13. HP: 86/114 MP: 7/24
 10146 | Orc:2    | Noticed an orc warlord
 10174 | Orc:2    | Killed an orc warlord
 10736 | Orc:2    | Found Bopeh's General Store.
 10737 | Orc:2    | Found Napho's Jewellery Boutique.
 10738 | Orc:2    | Found Nehoupso's Antique Armour Boutique.
 10738 | Orc:2    | Found Manaqeurgh's Antique Weapon Shop.
 10744 | Orc:2    | Bought a smoking chain mail for 237 gold pieces
 10744 | Orc:2    | Bought an encrusted helmet for 237 gold pieces
 10754 | Orc:2    | Identified the +3 chain mail of the Greedy {-Cast rElec Slay+6 SInv} (You bought it in a shop on level 2 of the Orcish Mines)
 10771 | Orc:2    | Identified the cursed -2 helmet of the Sun {rPois Stlth+} (You bought it in a shop on level 2 of the Orcish Mines)
 10944 | Lair:1   | Entered Level 1 of the Lair of Beasts
 11118 | Lair:1   | Reached skill level 1 in Armour
 11407 | Lair:2   | Found a staircase to the Snake Pit.
 11600 | Lair:3   | :(
 11777 | Lair:3   | Noticed Harold
 11791 | Lair:3   | Killed Harold
 12145 | Orc:2    | Bought the +0 helmet of the Lumpy Wonders {Str+3 Dex+2} for 396 gold pieces
 12705 | Lair:4   | Reached skill level 15 in Maces & Flails
 13043 | Lair:4   | Reached XP level 14. HP: 103/126 MP: 25/25
 13349 | Lair:5   | Reached skill level 5 in Armour
 13415 | Lair:6   | Entered Level 6 of the Lair of Beasts
 13436 | Lair:6   | Found an ornate altar of the Wu Jian Council.
 13514 | Lair:6   | Found a runed door.
 13668 | Lair:6   | Paralysed by a hornet for 1 turns
 13676 | Lair:6   | Reached skill level 16 in Maces & Flails
 13992 | Lair:6   | Gained mutation: You have a somewhat thin skeletal structure. (Dex +2, Stealth) [mutagenic meat]
 13994 | Lair:6   | Lost mutation: Your muscles are strong. (Str +2) [mutagenic meat]
 13996 | Lair:6   | Lost mutation: You are dopey. (Int -2) [mutagenic meat]
 15242 | Elf:1    | Entered Level 1 of the Elven Halls
 15254 | Elf:1    | Reached skill level 17 in Maces & Flails
 15387 | Elf:1    | Reached XP level 15. HP: 130/132 MP: 26/26
 15753 | Elf:1    | Found Maymeymu's Assorted Antiques.
 15908 | Elf:1    | Bought a fine war axe for 238 gold pieces
 16086 | Elf:1    | Bought a lumpy blue potion for 25 gold pieces
 16086 | Elf:1    | Bought a scroll of teleportation for 84 gold pieces
 16116 | Elf:1    | Identified the cursed +1 war axe of Zaqausex {flame, Str+5} (You bought it in a shop on level 1 of the Elven Halls)
 16243 | Elf:1    | Reached skill level 18 in Maces & Flails
 16266 | Elf:2    | Cast into level 2 of the Abyss (a deep elf demonologist)
 16267 | Abyss:2  | :O
 16628 | Abyss:3  | Found a corrupted altar of Lugonu.
 16820 | Abyss:4  | Noticed a tentacled starspawn
 16844 | Abyss:4  | Killed a tentacled starspawn
 16879 | Abyss:4  | Noticed a tentacled starspawn
 16895 | Abyss:4  | Killed a tentacled starspawn
 17005 | Elf:2    | Escaped the Abyss
 17560 | Elf:1    | Noticed Aizul
 17587 | Elf:1    | Killed Aizul
 17797 | Elf:1    | Bought a potion of heal wounds for 140 gold pieces
 17835 | Elf:2    | Cast into level 2 of the Abyss (a deep elf demonologist)
 17836 | Abyss:2  | :(
 17897 | Abyss:2  | Killed from afar by a hellion

Vault maps used:
D:1:      dpeg_arrival_arbitrary_b, minmay_misc_feat_room
D:2:      old_standard_altar, kennysheep_crisscross, grunt_qazlal_clouds,
          uniq_robin, uniq_natasha
D:3:      lemuel_coloured_pillars_altar
D:4:      grunt_temple_overflow_growth_and_decay,
          eat_drink_and_be_merry_uskayaw, first_bread, uniq_blork_the_orc
D:5:      kennysheep_mini, temple_statues, serial_shops, shop_coins
D:6:      amethyst_overflow_temple_binary
D:7:      the_bakery, uniq_menkaure
D:8:      minmay_crossroads
D:9:      gammafunk_temple_overflow_wave, lemuel_round_altar, kennysheep_path_1,
          uniq_grum, uniq_psyche
D:10:     dpeg_oklobed_lair, uniq_snorg, uniq_erolcha
D:11:     david_orc_5, serial_shops,
          nicolae_shop_temple_entry_statues_fountains, lab_entry_generic,
          enter_bailey_2, nicolae_benzene_ring, st_stairs_13,
          serial_bayou_lagoon_b
D:12:     minmay_open_boxes_in_corner
D:13:     erik_vaults_1, guppyfry_shop_earth
D:14:     uniq_agnes
D:15:     grunt_enter_depths_hoard, hangedman_abyss_or_decor_stagger
Lair:1:   kb_forest_paths
Lair:2:   dummy_snake_entry
Lair:3:   minmay_shoals_entry_hut, grunt_forest_large_clearings, uniq_harold
Lair:4:   serial_bayou_pond_b
Lair:5:   dpeg_slime_entry_enclosed_altar, minivault_29
Lair:6:   wormcave, hangedman_lair_tendril_chambers, lemuel_centaur_altar
Orc:1:    uniq_erica
Orc:2:    st_orc_congregation, elves_outpost_lemuel, uniq_sonja, uniq_josephine
Elf:1:    minmay_elf_arrival_circle, serial_shops, shop,
          hangedman_elf_represent, grunt_ministairs_6,
          nicolae_elf_glass_and_crystal_pillar_2, onia_ninara_cookie, uniq_aizul
Elf:2:    special_room
Abyss:2:  minivault_24
Abyss:3:  hangedman_abyss_or_decor_stabs
Abyss:4:  evilmike_abyss_exit_17, hangedman_abyss_rune_flesh_and_stone,
          abyss_exit_lava
Bailey:   bailey_axe_minmay_hex_keep, bailey

Skill      XL: |  1  2  3  4  5  6  7  8  9 10 11 12 13 14 15 |
---------------+----------------------------------------------+-----
Conjurations   | 1 2 3 4 |  4.6
Spellcasting   | 3 5 |  5.1
Dodging        | 2 4 5 7 8 |  8.2
Fighting       | 1 3 5 7 10 12 | 12.0
Maces & Flails | 7 11 14 15 17 18 | 18.8
Evocations     | 4 |  4.3
Armour         | 4 7 9 |  9.9
Stealth        | |  1.7
Summonings     | |  0.8
Translocations | |  0.8

Action                   |  1- 3 |  4- 6 |  7- 9 | 10-12 | 13-15 || total
-------------------------+-------+-------+-------+-------+-------++-------
Melee: Mace              |    77 |       |       |       |       ||    77
       Dagger            |     1 |   169 |   103 |       |       ||   273
       Spear             |     8 |    24 |    31 |       |       ||    63
       Dire flail        |       |       |   143 |   851 |   371 ||  1365
       Kick              |       |       |       |    80 |   337 ||   417
       Headbutt          |       |       |       |    14 |       ||    14
       Great mace        |       |       |       |       |   976 ||   976
Throw: Throwing net      |     1 |       |       |       |       ||     1
 Cast: Magic Dart        |    45 |     1 |       |       |       ||    46
       Mephitic Cloud    |     2 |    12 |    17 |    49 |    15 ||    95
       Conjure Flame     |       |     3 |     5 |    52 |     3 ||    63
Evoke: Wand              |       |       |       |     2 |     7 ||     9
  Use: Scroll            |       |       |     7 |    16 |    25 ||    48
       Potion            |       |       |     2 |    11 |    10 ||    23
 Stab: Sleeping          |     4 |     4 |     1 |     2 |       ||    11
       Confused          |     1 |     8 |    16 |    25 |     9 ||    59
       Paralysed         |       |       |       |     2 |       ||     2
  Eat: Chunk             |     1 |     5 |     5 |    21 |    10 ||    42
       Fruit             |       |       |    10 |     4 |    15 ||    29
       Royal jelly       |       |       |       |     6 |     2 ||     8
       Meat ration       |       |       |       |       |     1 ||     1
Armor: Robe              |    24 |    40 |    72 |   114 |       ||   250
       Troll leather arm |       |       |       |    76 |    40 ||   116
       Skin              |       |       |       |     1 |     7 ||     8
       Chain mail        |       |       |       |       |   575 ||   575
Dodge: Dodged            |    69 |   113 |   220 |   504 |   612 ||  1518
